 Dungeon Crawl Stone Soup version 0.29.1-15-g9cfb28693d (webtiles) character file.

Game seed: 12657017147497629674

67835 issech the Bludgeoner (level 14, -4/118 HPs)
             Began as a Minotaur Monk on Mar 1, 2023.
             Was the Champion of Hepliaklqana.
             Slain by a minotaur
             ... wielding a +2 vorpal broad axe
              (18 damage)
             ... in a Gauntlet.
             The game lasted 02:04:38 (22902 turns).

issech the Bludgeoner (Minotaur Monk)              Turns: 22902, Time: 02:04:38

Health: -4/118     AC: 21    Str: 17    XL:     14   Next: 84%
Magic:  13/13      EV: 13    Int:  7    God:    Hepliaklqana [******]
Gold:   2129       SH: 18    Dex: 17    Spells: 13/13 levels left

rFire   . . .      SeeInvis .   A - +4 broad axe
rCold   + + .      Faith    .   G - +0 tower shield {rC+}
rNeg    + . .      Spirit   .   L - +1 chain mail of Loss {Harm rPois rC+ rN+ Regen+}
rPois   +          Reflect  .   F - +1 hat {Will+}
rElec   .          Harm     +   m - +1 cloak {rCorr}
rCorr   +          Rampage  .   I - +0 pair of gloves
Will    ++...      NoTele   +   H - +0 pair of boots
Stlth   ..........              Q - amulet of the acrobat
HPRegen 1.09/turn               Z - ring of resist corrosion
MPRegen 0.13/turn               T - +4 ring of evasion

@: mighty
A: reduced essence, horns 2, retaliatory headbutt
a: Renounce Religion, Recall Ancestor, Ancestor Identity, Transference, Idealise


You were in a Gauntlet.
You worshipped Hepliaklqana.
Hepliaklqana was exalted by your worship.
You visited 7 branches of the dungeon, and saw 23 of its levels.
You also visited: Gauntlet and Ice Cave.

You collected 2511 gold pieces.
You spent 382 gold pieces at shops.

Inventory:

Hand Weapons
 a - a +0 sling of freezing
 n - a +2 morningstar of holy wrath
 A - a +4 broad axe (weapon)
Missiles
 i - 133 stones
 r - 37 poisoned darts
 y - a throwing net
 E - 12 boomerangs (quivered)
 X - a curare-tipped dart
Armour
 m - a +1 cloak of preservation (worn)
 q - a +0 troll leather armour
 F - a +1 hat of willpower (worn)
 G - a +0 tower shield of cold resistance (worn)
 H - a +0 pair of boots (worn)
 I - a +0 pair of gloves (worn)
 K - a +1 cloak of willpower
 L - the +1 chain mail of Loss (worn) {Harm rPois rC+ rN+ Regen+}
   (You bought it in a shop on level 8 of the Dungeon)

   rC:        It protects you from cold.
   rPois:     It protects you from poison.
   rN:        It protects you from negative energy.
   Regen:     It increases your rate of health regeneration.
   Harm:      It increases damage dealt and taken.
 M - a +2 robe
 N - a +2 chain mail of willpower
Jewellery
 k - a +6 ring of strength
 s - a ring of willpower
 z - an amulet of faith
 Q - an amulet of the acrobat (around neck)
 T - a +4 ring of evasion (right hand)
 Z - a ring of resist corrosion (left hand)
Wands
 f - a wand of polymorph (8)
 g - a wand of acid (6)
 j - a wand of flame (11)
 o - a wand of iceblast (30)
 x - a wand of digging (8)
 J - a wand of paralysis (21)
Scrolls
 b - 5 scrolls of teleportation
 d - 2 scrolls of butterflies
 e - 4 scrolls of enchant armour
 u - 2 scrolls of blinking
 v - 2 scrolls of magic mapping
 w - 4 scrolls of enchant weapon
 B - 3 scrolls of silence
 D - a scroll of fear
 O - a scroll of amnesia
 V - 5 scrolls of poison
Potions
 c - a potion of ambrosia
 h - 3 potions of might
 l - 3 potions of cancellation {unknown}
 t - 5 potions of curing
 C - a potion of haste {unknown}
 W - 3 potions of resistance


   Skills:
 + Level 14.2 Fighting
 + Level 0.2 Short Blades
 + Level 3.2(11.7) Axes
 + Level 17.2(17.4) Maces & Flails
 + Level 4.4 Throwing
 + Level 15.5 Armour
 + Level 7.2 Dodging
 + Level 5.0 Stealth
 + Level 12.9 Shields


You had 13 spell levels left.
You didn't know any spells.
Your spell library contained the following spells:

 Spells                   Type           Power      Damage    Failure   Level
 Beastly Appendage        Tmut           0%         N/A       100%        1
 Freeze                   Ice            0%         1d3       100%        1
 Shock                    Conj/Air       0%         1d3       100%        1
 Blink                    Tloc           0%         N/A       100%        2
 Ensorcelled Hibernation  Hex/Ice        0%         N/A       100%        2
 Sublimation of Blood     Necr           0%         N/A       100%        2
 Wereblood                Tmut           0%         N/A       100%        2
 Call Canine Familiar     Summ           0%         N/A       100%        3
 Conjure Flame            Conj/Fire      0%         6-21      100%        3
 Dazzling Flash           Conj/Hex       0%         N/A       100%        3
 Frozen Ramparts          Ice            0%         1d1       100%        3
 Ignite Poison            Fire/Tmut/Pois 0%         N/A       100%        3
 Lesser Beckoning         Tloc           0%         N/A       100%        3
 Mephitic Cloud           Conj/Pois/Air  0%         N/A       100%        3
 Portal Projectile        Hex/Tloc       0%         N/A       100%        3
 Spider Form              Tmut/Pois      0%         N/A       100%        3
 Swiftness                Air            0%         N/A       100%        3
 Airstrike                Air            0%         2d(0-16)  100%        4
 Anguish                  Hex/Necr       0%         N/A       100%        4
 Corpse Rot               Necr/Pois/Air  0%         N/A       100%        4
 Dispel Undead            Necr           0%         3d6       100%        4
 Hailstorm                Conj/Ice       0%         3d3       100%        4
 Iskenderun's Mystic Bla  Conj/Tloc      0%         2d3       100%        4
 Leda's Liquefaction      Hex/Erth       0%         N/A       100%        4
 Olgreb's Toxic Radiance  Pois           0%         N/A       100%        4
 Sticky Flame             Conj/Fire      0%         2d3       100%        4
 Alistair's Intoxication  Tmut/Pois      0%         N/A       100%        5
 Freezing Cloud           Conj/Ice/Air   0%         6-21      100%        5
 Manifold Assault         Tloc           0%         N/A       100%        5
 Yara's Violent Unravell  Hex/Tmut       0%         3d3       100%        5
 Death Channel            Necr           0%         N/A       100%        6
 Starburst                Conj/Fire      0%         6d3       100%        6
 Ozocubu's Refrigeration  Ice            0%         4d7       100%        7
 Storm Form               Tmut/Air       0%         N/A       100%        7
 Summon Hydra             Summ           0%         N/A       100%        7
 Ignition                 Fire           0%         3d3       100%        8


Dungeon Overview and Level Annotations

Branches:
Dungeon (12/15)            Temple (1/1) D:5            Lair (5/5) D:9
 Shoals (1/4) Lair:2        Snake (1/4) Lair:2        Slime (1/5) Lair:5
    Orc (2/2) D:10            Elf (0/3) Orc:2         IceCv (visited)
Gauntlet (1/1)

Altars:
Ashenzari
Cheibriados
Dithmenos
Elyvilon
Fedhas
Gozag
Hepliaklqana
Kikubaaqudgha
Makhleb
Nemelex Xobeh
Okawaru
Qazlal
Ru
Sif Muna
Trog
Uskayaw
Vehumet
Wu Jian
Xom
Yredelemnul
Zin
The Shining One

Shops:
D:8 [   Orc:2 (*?(

Annotations:
Gauntlet 6 transporters, 1 runed translucent door


Innate Abilities, Weirdness & Mutations

Your life essence is reduced to manifest your ancestor. (-10% HP)
You have a pair of horns on your head.
You reflexively headbutt those who attack you in melee.


Message History

The minotaur gores you. The minotaur blocks your attack.
The minotaur is moderately wounded.
The minotaur misses you. The minotaur barely misses you.
The minotaur blocks your attack.
The minotaur is moderately wounded.
The minotaur hits you with a +2 vorpal broad axe!!
* * * LOW HITPOINT WARNING * * *
You block the minotaur's attack.
You hit the minotaur.
The minotaur is moderately wounded.
The minotaur hits you but does no damage.
You block the minotaur's attack. x3
You slash the minotaur!
The minotaur is moderately wounded.
You block the minotaur's attack. The minotaur gores you.
* * * LOW HITPOINT WARNING * * *
You are confused.
You feel invigorated.
The minotaur hits you but does no damage.
The minotaur gores you!
* * * LOW HITPOINT WARNING * * *
You hit the minotaur.
You headbutt the minotaur, but do no damage.
The minotaur is heavily wounded.
The minotaur hits you with a +2 vorpal broad axe.
* * * LOW HITPOINT WARNING * * *
x2 The minotaur gores you but does no damage.
You slash the minotaur! The minotaur blocks your attack.
The minotaur is severely wounded.
You feel less invigorated.
You feel less confused.
The minotaur hits you with a +2 vorpal broad axe!!
* * * LOW HITPOINT WARNING * * *
x2 You block the minotaur's attack.
Okay, then.
As you read the scroll of summoning, it crumbles to dust.
Wisps of shadow whirl around you...
The minotaur hits you with a +2 vorpal broad axe!
You die...

##### #8∩8# #/./#
#8.8# ####[x[####
###8.#8H8#.8###
#....#.@.#....#
#.#..#848#..#.#
#.#..##'##..#.#
#.............#
#.#.##.#.##.#.#
#.#....#....#.#
###.#.#######.#R###
#.................#
#.⌠.⌠.⌠.©.©.⌠.⌠.⌠.#


You could see a minotaur (ally target), a friendly ice devil (summoned) and a
friendly small abomination (summoned).

Vanquished Creatures
  Gastronok (Lair:1)
  A reaper (IceCv)
  3 hydras (Lair:5)
  2 two-headed ogres
  3 death yaks
  Nergalle (D:10)
  An orc high priest (Orc:2)
  Amaemon (Lair:1)
  A lindwurm (Lair:5)
  3 orc knights (Orc:2)
  An oklob plant (Lair:3)
  A manticore (D:11)
  3 elephants
  A cyclops (D:12)
  Maurice (D:10)
  4 black mambas (Lair:5)
  2 ice statues (IceCv)
  5 gargoyles
  A molten gargoyle (Lair:5)
  An orange demon (Lair:1)
  5 cane toads
  A kobold demonologist (D:11)
  5 komodo dragons
  A freezing wraith (IceCv)
  An anaconda simulacrum (IceCv)
  8 ice devils
  2 polar bears
  3 trolls
  3 slime creatures (D:11)
  4 blink frogs
  Sigmund (D:3)
  2 shadows
  4 wyverns
  28 yaks
  A wraith (D:11)
  5 basilisks
  2 redbacks (Gauntlet)
  A death yak simulacrum (IceCv)
  7 vampire mosquitoes (D:12)
  2 wargs
  2 nagas (Lair:2)
  2 acid dragons (D:11)
  3 hell hounds (Lair:5)
  5 water moccasins
  13 orc warriors
  A black bear (Lair:2)
  11 ogres
  3 wolves (Lair:5)
  3 centaurs
  4 phantoms
  A kobold brigand (D:7)
  3 bullfrogs
  A cane toad simulacrum (IceCv)
  3 two-headed ogre simulacra (IceCv)
  7 scorpions
  10 killer bees
  An elephant simulacrum (IceCv)
  2 lava snakes (Lair:5)
  3 hounds
  7 jellies
  17 orc priests
  An iguana (D:7)
  9 orc wizards
  2 polar bear simulacra (IceCv)
  A spriggan simulacrum (IceCv)
  2 wolf simulacra (IceCv)
  4 ogre zombies (D:10)
  4 adders
  8 gnolls
  A naga simulacrum (IceCv)
  A shadow imp (D:3)
  2 white imps
  2 ufetubi (IceCv)
  A worm (D:2)
  3 dart slugs
  41 orcs
  17 endoplasms
  4 giant cockroaches
  7 goblins
  12 hobgoblins
  3 jackals (D:4)
  15 kobolds
  7 quokkas
  9 ball pythons
  3 bats (D:1)
  4 frilled lizards
  A goblin skeleton (D:10)
  2 goblin zombies (D:10)
  A hobgoblin skeleton (D:10)
  2 hobgoblin zombies (D:10)
  9 orc zombies (D:10)
  5 rats
408 creatures vanquished.

Vanquished Creatures (collateral kills)
  A fire dragon (Lair:5)
  4 hydras
  A catoblepas (Gauntlet)
  2 two-headed ogres
  4 orc high priests (Orc:2)
  Lodul (D:10)
  5 orc knights (Orc:2)
  An orc sorcerer (Orc:2)
  An ugly thing (D:11)
  A moth of wrath (Gauntlet)
  A torpor snail (D:9)
  A molten gargoyle (Lair:5)
  6 elephants
  3 black mambas
  4 gargoyles
  4 cane toads
  A kobold demonologist (D:11)
  A rime drake (Lair:5)
  An ice devil (Gauntlet)
  3 komodo dragons
  2 trolls
  A merfolk (Shoals:1)
  2 slime creatures
  3 blink frogs
  A wraith (D:12)
  4 wyverns (Lair:5)
  20 yaks
  3 steam dragons (Lair:5)
  A redback (Gauntlet)
  3 basilisks
  3 vampire mosquitoes (D:12)
  2 wargs
  A naga (Lair:2)
  A water moccasin (Lair:5)
  An ice beast (D:7)
  16 orc warriors
  5 ogres
  6 wolves (Lair:5)
  2 kobold brigands
  2 bullfrogs
  A gnoll sergeant (D:9)
  A scorpion (D:5)
  2 killer bees
  A hound (D:5)
  A jelly (D:5)
  2 lava snakes (Lair:5)
  A gnoll bouda (D:6)
  9 orc priests
  13 orc wizards
  2 spriggan simulacra (IceCv)
  2 ogre zombies (D:10)
  6 gnolls
  2 naga simulacra (IceCv)
  A shadow imp (D:8)
  3 white imps
  20 orcs
  3 endoplasms (Lair:1)
  9 kobolds
  An orc skeleton (D:10)
  3 orc zombies (D:10)
208 creatures vanquished.

Vanquished Creatures (others)
  19 battlemagi
  2 demonic plants (Gauntlet)
  38 fungi
  41 plants
100 creatures vanquished.

Grand Total: 716 creatures vanquished

Notes
Turn   | Place    | Note
-------+----------+-------------------------------------------
     0 | D:1      | issech the Minotaur Monk began the quest for the Orb.
     0 | D:1      | Reached XP level 1. HP: 19/19 MP: 0/0
    81 | D:1      | Reached XP level 2. HP: 27/27 MP: 1/1
   527 | D:1      | Reached skill level 4 in Maces & Flails
   632 | D:1      | Reached XP level 3. HP: 33/33 MP: 2/2
  1302 | D:2      | Found a faded altar of an unknown god.
  2150 | D:3      | Found an iron altar of Okawaru.
  2218 | D:3      | Reached XP level 4. HP: 38/41 MP: 3/3
  2529 | D:3      | Reached skill level 1 in Armour
  2767 | D:3      | Found a sparkling altar of Nemelex Xobeh.
  2767 | D:3      | Found an opulent altar of Gozag.
  2900 | D:3      | Noticed Sigmund
  2910 | D:3      | Killed Sigmund
  2911 | D:3      | Reached skill level 5 in Maces & Flails
  2911 | D:3      | Reached XP level 5. HP: 44/47 MP: 4/4
  3026 | D:3      | Found a shadowy altar of Dithmenos.
  3160 | D:4      | Reached XP level 6. HP: 36/53 MP: 5/5
  3163 | D:4      | Reached skill level 6 in Maces & Flails
  3438 | D:4      | Found a white marble altar of Elyvilon.
  3986 | D:5      | Entered Level 5 of the Dungeon
  4002 | D:5      | Reached skill level 5 in Fighting
  4002 | D:5      | Reached skill level 7 in Maces & Flails
  4015 | D:5      | Noticed a water moccasin
  4022 | D:5      | Killed a water moccasin
  4023 | D:5      | Reached XP level 7. HP: 44/61 MP: 6/6
  4227 | D:5      | Found a staircase to the Ecumenical Temple.
  4239 | Temple   | Entered the Ecumenical Temple
  4381 | D:5      | Reached skill level 8 in Maces & Flails
  4531 | D:5      | Found a hazy altar of Hepliaklqana.
  4536 | D:5      | Became a worshipper of Hepliaklqana the Forgotten
  4536 | D:5      | Reached * piety under Hepliaklqana
  4536 | D:5      | Reached ** piety under Hepliaklqana
  4539 | D:5      | Remembered your ancestor Wenzel as a battlemage
  4577 | D:5      | Found a hide-covered altar of Uskayaw.
  4728 | D:5      | Found an ancient bone altar of Kikubaaqudgha.
  4744 | D:5      | Reached XP level 8. HP: 63/63 MP: 7/7
  4875 | D:5      | Found a sacrificial altar of Ru.
  5065 | D:5      | Reached skill level 5 in Armour
  5212 | D:6      | Reached skill level 9 in Maces & Flails
  6455 | D:7      | Reached XP level 9. HP: 65/72 MP: 8/8
  6597 | D:7      | Reached skill level 10 in Maces & Flails
  7331 | D:8      | Reached *** piety under Hepliaklqana
  7719 | D:8      | Noticed a two-headed ogre
  7723 | D:8      | Killed a two-headed ogre
  7724 | D:8      | Reached skill level 1 in Throwing
  7985 | D:8      | Found Mintes's Armour Shop.
  8302 | D:8      | Bought the +1 chain mail of Loss {Harm rPois rC+ rN+
                  | Regen+} for 382 gold pieces
  8751 | D:9      | Noticed a troll
  8764 | D:9      | Killed a troll
  8778 | D:9      | Reached skill level 11 in Maces & Flails
  8994 | D:9      | Noticed a troll
  9062 | D:9      | Killed a troll
  9108 | D:9      | Reached XP level 10. HP: 81/81 MP: 9/9
  9187 | D:9      | Found a staircase to the Lair.
  9810 | Lair:1   | Entered Level 1 of the Lair of Beasts
  9812 | Lair:1   | Noticed a torpor snail
  9826 | D:9      | Reached skill level 10 in Armour
  9883 | D:9      | Killed a torpor snail
  9961 | Lair:1   | Reached skill level 12 in Maces & Flails
 10022 | Lair:1   | Noticed Amaemon
 10026 | Lair:1   | Noticed an orange demon
 10027 | Lair:1   | Reached **** piety under Hepliaklqana
 10030 | Lair:1   | Killed Amaemon
 10034 | Lair:1   | Killed an orange demon
 10052 | Lair:1   | Noticed a cane toad
 10058 | Lair:1   | Killed a cane toad
 10179 | Lair:1   | Noticed a four-headed hydra
 10185 | Lair:1   | Killed a four-headed hydra
 10186 | Lair:1   | Reached skill level 10 in Fighting
 10200 | Lair:1   | Noticed a cane toad
 10207 | Lair:1   | Killed a cane toad
 10208 | Lair:1   | Reached XP level 11. HP: 79/89 MP: 10/10
 10367 | Lair:1   | Reached skill level 13 in Maces & Flails
 10404 | Lair:1   | Noticed Gastronok
 10416 | Lair:1   | Killed Gastronok
 10662 | Lair:1   | Reached skill level 5 in Dodging
 11052 | Lair:2   | Reached skill level 14 in Maces & Flails
 11084 | Lair:2   | Found a frozen archway.
 11118 | IceCv    | Entered an ice cave
 11398 | IceCv    | Reached skill level 1 in Shields
 11942 | IceCv    | Noticed a reaper
 11952 | IceCv    | Killed a reaper
 11953 | IceCv    | Reached skill level 15 in Maces & Flails
 11953 | IceCv    | Reached XP level 12. HP: 22/99 MP: 11/11
 12428 | Lair:2   | Found a staircase to the Shoals.
 12458 | Lair:2   | Found a staircase to the Snake Pit.
 12600 | Lair:2   | Reached ***** piety under Hepliaklqana
 14102 | Lair:4   | Got Taylenet's Anthology of Shaping and Ensorcelling
 14146 | Lair:4   | Noticed a seven-headed hydra
 14151 | Lair:4   | Reached skill level 5 in Shields
 14371 | Lair:4   | Killed a seven-headed hydra
 14392 | Lair:3   | Reached skill level 16 in Maces & Flails
 14695 | Lair:4   | Noticed a death yak
 14695 | Lair:4   | Noticed a death yak
 14718 | Lair:4   | Noticed a death yak
 14737 | Lair:3   | Killed a death yak
 14907 | Lair:4   | Killed a death yak
 14908 | Lair:4   | Reached XP level 13. HP: 55/106 MP: 12/12
 15185 | Lair:5   | Entered Level 5 of the Lair of Beasts
 15501 | Lair:5   | Found a staircase to the Slime Pits.
 16655 | Lair:5   | Noticed a fire dragon
 16656 | Lair:5   | Found a large runed translucent door.
 16657 | Lair:5   | Found a large runed translucent door.
 17012 | Lair:5   | Reached skill level 10 in Shields
 17278 | Lair:5   | Killed a fire dragon
 17489 | Slime:1  | Entered Level 1 of the Pits of Slime
 17489 | Slime:1  | Noticed a rockslime
 17573 | Snake:1  | Entered Level 1 of the Snake Pit
 17591 | Shoals:1 | Entered Level 1 of the Shoals
 17828 | D:10     | Entered Level 10 of the Dungeon
 17956 | D:10     | Found a staircase to the Orcish Mines.
 18115 | D:10     | Noticed Maurice
 18127 | D:10     | Killed Maurice
 18182 | D:10     | Noticed Nergalle
 18186 | D:10     | Killed Nergalle
 18254 | D:10     | Noticed Lodul
 18269 | D:10     | Killed Lodul
 18270 | D:10     | Reached XP level 14. HP: 94/116 MP: 13/13
 19385 | D:11     | Reached skill level 17 in Maces & Flails
 19511 | Orc:1    | Entered Level 1 of the Orcish Mines
 20061 | Orc:2    | Entered Level 2 of the Orcish Mines
 20061 | Orc:2    | Found a staircase to the Elven Halls.
 20064 | Orc:2    | Reached skill level 15 in Armour
 20320 | Orc:2    | Paralysed by an orc sorcerer for 5 turns
 21780 | Orc:2    | Found Xirrab's General Store.
 21780 | Orc:2    | Found Weelob Jeto's Weapon Boutique.
 21781 | Orc:2    | Found Xichygha's Antique Weapon Boutique.
 21781 | Orc:2    | Found Ithrazied's Magic Scroll Shop.
 21794 | Orc:2    | Reached ****** piety under Hepliaklqana
 22257 | D:12     | Reached skill level 5 in Stealth
 22258 | D:12     | Reached skill level 1 in Axes
 22403 | D:12     | Found a gate leading to a gauntlet.
 22418 | Gauntlet | Entered a Gauntlet
 22418 | Gauntlet | Found a transporter.
 22418 | Gauntlet | Found a transporter.
 22451 | Gauntlet | Found a transporter.
 22452 | Gauntlet | Found a transporter.
 22460 | Gauntlet | Found a transporter.
 22464 | Gauntlet | Found a transporter.
 22468 | Gauntlet | Found a runed translucent door.
 22468 | Gauntlet | Found a runed translucent door.
 22472 | Gauntlet | Found a transporter.
 22486 | Gauntlet | Found a runed translucent door.
 22490 | Gauntlet | Found a transporter.
 22503 | Gauntlet | Found a transporter.
 22507 | Gauntlet | Found a transporter.
 22515 | Gauntlet | Found a transporter.
 22519 | Gauntlet | Found a transporter.
 22902 | Gauntlet | Slain by a minotaur

Illustrated notes

Levels and vault maps discovered:
D:1:      dpeg_arrival_arbitrary_c, layout_basic
D:2:      layout_loops_ring, nicolae_ecumenical_pavilion,
          chequers_serial_rivers_large_b, chequers_serial_rivers_room_b
D:3:      layout_basic, grunt_temple_overflow_opulence,
          nicolae_overflow_crystal_walls, mainiacjoe_overflow_boulevard,
          uniq_sigmund
D:4:      layout_rooms, mainiacjoe_overflow_chevrons, kennysheep_donut,
          grunt_ministairs_4
D:5:      layout_basic, mainiacjoe_overflow_surrounded_room,
          nicolae_uskayaw_murder_on_the_dancefloor, marbit_many_paths,
          worldfamousw_hep_ancestral_shrine, minmay_temple_entry_slanted
D:6:      layout_basic
D:7:      layout_cave_pods
D:8:      layout_gridville, serial_shops, nicolae_shop_hallway_stairs,
          hangedman_abyss_or_decor_lesser_grid, kennysheep_small_spiral
D:9:      layout_basic, grunt_lair_entry_orc_guard_hut
D:10:     layout_loops_cross, zombieorc1_lemuel, uniq_maurice, uniq_lodul,
          uniq_nergalle
D:11:     cheibrodos_statue_roulette, layout_rooms
D:12:     layout_gridville, gauntlet_entry_generic
Temple:   nicolae_temple_god_jail
Lair:1:   lemuel_slime, layout_chaotic_city, uniq_amaemon, uniq_gastronok
Lair:2:   layout_chaotic_city, shoals_dummy_entry,
          minmay_snake_entry_guardpost_small, portal_ice_cave_demonic_guard
Lair:3:   layout_roguey
Lair:4:   layout_big_grid
Lair:5:   cheibrodos_lair_end_hotspot, layout_long_grid, slime_entry_1
Shoals:1: layout_shoals, ebering_ghost_reflecting_pool, uniq_roxanne
Snake:1:  layout_rooms, serial_bayou_shore_b
Slime:1:  layout_caves, nicolae_slime_barrier
Orc:1:    layout_caves, nicolae_orc_lava_room
Orc:2:    st_orc_pillars, layout_caves
Gauntlet: minmay_gauntlet_77_indecision [minmay_gauntlet_arena_77_box,
          minmay_gauntlet_arena_77_chump_sandwich,
          minmay_gauntlet_arena_77_museum,
          minmay_gauntlet_arena_77_hold_the_fort,
          minmay_gauntlet_arena_77_shame_cube, minmay_gauntlet_arena_77_path,
          nicolae_gauntlet_exit_dead_adventurers]

Skill      XL: |  1  2  3  4  5  6  7  8  9 10 11 12 13 14 |
---------------+-------------------------------------------+-----
Fighting       | 4 5 6 7 8 10 11 12 13 14 | 14.2
Maces & Flails | 4 5 7 8 9 11 12 15 16 17 | 17.2
Stealth        | 2 3 4 5 |  5.0
Dodging        | 4 5 6 7 |  7.2
Armour         | 2 3 4 6 9 11 12 13 14 15 | 15.5
Throwing       | 2 3 4 |  4.4
Shields        | 1 6 10 12 | 12.9
Axes           | 3 |  3.2
Short Blades   | |  0.2

Action                   |  1- 3 |  4- 6 |  7- 9 | 10-12 | 13-15 || total
-------------------------+-------+-------+-------+-------+-------++-------
Melee: Mace              |    20 |       |       |       |       ||    20
       Short sword       |    24 |       |       |       |       ||    24
       Headbutt          |    11 |    19 |    34 |   119 |   136 ||   319
       Morningstar       |    43 |   106 |   149 |   393 |   511 ||  1202
       Punch             |       |     1 |     2 |     3 |       ||     6
       Broad axe         |       |       |       |       |    65 ||    65
Throw: Boomerang         |       |       |    21 |    26 |    19 ||    66
Invok: Ancestor Life: Ba |       |       |     1 |       |       ||     1
       Recall Ancestor   |       |       |     1 |     3 |       ||     4
  Use: Scroll            |       |       |     9 |    10 |     8 ||    27
       Potion            |       |       |       |       |     2 ||     2
 Stab: Sleeping          |     1 |       |       |       |       ||     1
       Distracted        |       |       |       |     6 |    15 ||    21
Armor: Robe              |     4 |       |       |       |       ||     4
       Chain mail        |    14 |    59 |    85 |   160 |   204 ||   522
Dodge: Dodged            |    46 |    50 |    94 |   154 |   250 ||   594
Block: Buckler           |       |       |       |    22 |       ||    22
       Tower shield      |       |       |       |   107 |   594 ||   701
